[Event "*** Titled Tuesday Blitz"]
[Site "Chess.com"]
[Date "2020.11.10"]
[Round "2"]
[White "Chessdreamer2020"]
[Black "GrigorGrigorov"]
[Result "0-1"]
[WhiteElo "2511"]
[BlackElo "2744"]
[TimeControl "180+1"]
[EndTime "10:18:30 PST"]
[Termination "GrigorGrigorov won by resignation"]

1. e4 c6 2. Nc3 d5 3. Nf3 dxe4 4.
Nxe4 Nf6 5. Qe2 Nxe4 6. Qxe4 Be6 7.
d4 Bd5 8. Qg4 Bxf3 9. gxf3 g6 10. c3 Bg7 11. Be3 Nd7 12. O-O-O Nf6 13. Qh4 Qd5 14. Kb1 Qxf3 15. Bh3 e6 16. Rhe1 Qe4+ 17. Qxe4 Nxe4 18. Bg2 Nf6 19. b4 O-O 20. Kc2 Nd5 21. Bd2 b5 22. a4 a5 23. axb5 axb4 24. c4 Ra2+ 25. Kb1 Rfa8 26. cxd5 Bxd4 27. Bc1 Bc3 28. Re3 Rxf2 29. Rxc3 bxc3 30. Be4 exd5 31. Bc2 Rb8 32. Ba4 Rxb5+ 0-1

[Event "*** Titled Tuesday Blitz"]
[Site "Chess.com"]
[Date "2020.11.10"]
[Round "2"]
[White "ShimanovAlex"]
[Black "Nara_Kh"]
[Result "1-0"]
[WhiteElo "2825"]
[BlackElo "2341"]
[TimeControl "180+1"]
[EndTime "10:18:31 PST"]
[Termination "ShimanovAlex won on time"]

1. e4 c5 2. Nf3 d6 3. Nc3 a6 4.
h3 Nf6 5. g4 d5 6. e5 Ne4 7.
Qe2 Nxc3 8. dxc3 Nc6 9. Bf4 h6 10. O-O-O Be6 11. Bg2 Qa5 12. Kb1 d4 13. c4 Qb4 14.
Nd2 g5 15. Bg3 Bg7 16. Rde1 Rc8 17. Bd5 b5 18. a3 Qa4 19. Qe4 b4 20. b3 Qxa3 21.
Bxc6+ Kf8 22. Ba4 Rd8 23. Qd3 1-0

[Event "*** Titled Tuesday Blitz"]
[Site "Chess.com"]
[Date "2020.11.10"]
[Round "2"]
[White "Bastiandash"]
[Black "Boudicca64"]
[Result "1-0"]
[WhiteElo "2351"]
[BlackElo "1822"]
[TimeControl "180+1"]
[EndTime "10:18:31 PST"]
[Termination "Bastiandash won on time"]

1. d4 g6 2. Nf3 Bg7 3. c4 c5 4. Nc3 cxd4 5. Nxd4 Nc6 6. e3 Nf6 7. Be2 O-O 8. O-O e6 9. Ndb5 d5 10. cxd5 exd5 11. Bf3 Be6 12. b3 Ne4 13. Bb2 a6 14.
Nd4 Nxd4 15. Qxd4 Bxd4 16. exd4 f5 17. Rac1 Rc8 18. Ne2 Nd2 19. Rfd1 Nxf3+ 20. gxf3 Qg5+ 21. Ng3 1-0

[Event "*** Titled Tuesday Blitz"]
[Site "Chess.com"]
[Date "2020.11.10"]
[Round "2"]
[White "tlomigtlis"]
[Black "Mambastik-Fantastic"]
[Result "1-0"]
[WhiteElo "2596"]
[BlackElo "2304"]
[TimeControl "180+1"]
[EndTime "10:18:32 PST"]
[Termination "tlomigtlis won by resignation"]

1. d4 Nf6 2. c4 c5 3. d5 e5 4. Nc3 d6 5. g3 Nbd7 6. Bg2 g6 7. e4 Bg7 8. Nge2 O-O 9. O-O a6 10. a4 Ne8 11. Be3 f5 12. f4 Ndf6 13. fxe5 dxe5 14. Bxc5 Nd6 15. b4 a5 16. Bxd6 Qxd6 17.
c5 Qd8 18. b5 Ng4 19. Qd3 Bh6 20. Nd1 fxe4 21. Rxf8+ Qxf8 22. Qc4 Be3+ 23. Kh1 Qxc5 24. Nxe3 Qxe3 25. d6+ Kh8 26. Rf1 Nf2+ 27. Rxf2 Qxf2 28. Ng1 e3 29. Qe4 Bg4 30. Qxe5+ Kg8 31. Bd5+ 1-0

[Event "*** Titled Tuesday Blitz"]
[Site "Chess.com"]
[Date "2020.11.10"]
[Round "2"]
[White "eCztery"]
[Black "suyu28"]
[Result "0-1"]
[WhiteElo "2277"]
[BlackElo "2632"]
[TimeControl "180+1"]
[EndTime "10:18:34 PST"]
[Termination "suyu28 won by checkmate"]

1. e4 c6 2. Nc3 d5 3. Nf3 Bg4 4.
h3 Bxf3 5. Qxf3 e6 6. d3 dxe4 7.
dxe4 Nf6 8. Bd2 Nbd7 9. O-O-O Qc7 10. Kb1 O-O-O 11. g4 h6 12. Bg2 Bd6 13. Rhe1 Ne5 14. Qe2 Ng6 15. Qc4 Bf4 16. Bxf4 Nxf4 17. Bf1 Nd7 18.
e5 g5 19. Rxd7 Rxd7 20. Ne4 Qxe5 21. Qa4 Rd4 22. Qxa7 Rxe4 23. Rd1 Qb8 24. Qc5 Re5 25. Qe7 Qc7 26. Qf6 Rd8 27. Rxd8+ Qxd8 28. Qxe5 Qd1# 0-1

[Event "*** Titled Tuesday Blitz"]
[Site "Chess.com"]
[Date "2020.11.10"]
[Round "2"]
[White "Chigorinetz"]
[Black "Abdimalik_Abdisalimov"]
[Result "1-0"]
[WhiteElo "2533"]
[BlackElo "2740"]
[TimeControl "180+1"]
[EndTime "10:18:36 PST"]
[Termination "Chigorinetz won by resignation"]

1. e4 c5 2. Nc3 d6 3. Nf3 a6 4.
g3 Nf6 5. Bg2 g6 6. e5 dxe5 7.
Nxe5 Bg7 8. a4 O-O 9. O-O Ra7 10. a5 Qc7 11. Re1 Rd8 12. d3 e6 13. Bg5 h6 14.
Bd2 Nbd7 15. Nc4 b5 16. axb6 Nxb6 17. Bf4 Qxf4 18. gxf4 Nxc4 19. Qc1 Nd6 20. Ne4 Nfxe4 21. dxe4 Nc4 22. b3 Bxa1 23. Qxa1 Nd2 24. Qf6 Rad7 25.
h4 h5 26. f5 exf5 27. exf5 Rd6 28. Re8+ Rxe8 29. Qxd6 1-0

[Event "*** Titled Tuesday Blitz"]
[Site "Chess.com"]
[Date "2020.11.10"]
[Round "2"]
[White "juli2512"]
[Black "Borsuk_Konstantin"]
[Result "0-1"]
[WhiteElo "2070"]
[BlackElo "2616"]
[TimeControl "180+1"]
[EndTime "10:18:36 PST"]
[Termination "Borsuk_Konstantin won by resignation"]

1. e4 e6 2. d4 d5 3. Nd2 Nf6 4. e5 Nfd7 5. Bd3 c5 6. c3 Nc6 7. Ne2 b6 8. Nf3 cxd4 9. cxd4 Nb4 10. Bb1 Ba6 11. a3 Nc6 12. b4 Bc4 13. O-O b5 14. Re1 Nb6 15. Bg5 Qc7 16. Be3 a5 17. bxa5 Rxa5 18. Nf4 g6 19. Ng5 Be7 20. Ngxe6 fxe6 21. Nxe6 Qc8 22. Ng7+ Kd7 23. e6+ Kc7 24. Bf4+ Kb7 25.
Bh6 Rg8 26. Qf3 Rf8 27. Qg4 b4 28. Bc2 Rxa3 29. Bg5 Qd8 30. h4 Bxg5 31. e7 Bxe7 32.
Ne6 Qc8 33. Qg3 Rxa1 34. Rxa1 Qxe6 0-1

[Event "*** Titled Tuesday Blitz"]
[Site "Chess.com"]
[Date "2020.11.10"]
[Round "2"]
[White "MasterMK73"]
[Black "Chernobay_Artem"]
[Result "0-1"]
[WhiteElo "2250"]
[BlackElo "2628"]
[TimeControl "180+1"]
[EndTime "10:18:37 PST"]
[Termination "Chernobay_Artem won on time"]

1. e4 Nf6 2. e5 Nd5 3. d4 d6 4. c4 Nb6 5. exd6 cxd6 6. d5 g6 7. Qd4 Rg8 8. Nf3 Bg7 9. Qh4 h5 10. Be2 Na4 11. Na3 Nxb2 12. Rb1 Qa5+ 13. Kf1 Qxa3 14.
Nd4 Qxa2 15. Rxb2 Qa1 16. Nb3 Qa3 17. Nd4 Qa1 18. Nb3 Qa4 19. Rb1 Qa2 20. Nd2 Bf5 21. Rxb7 Bf6 22. Qf4 Qc2 0-1

[Event "*** Titled Tuesday Blitz"]
[Site "Chess.com"]
[Date "2020.11.10"]
[Round "2"]
[White "GM_LOADING"]
[Black "GM4life"]
[Result "1-0"]
[WhiteElo "2463"]
[BlackElo "2265"]
[TimeControl "180+1"]
[EndTime "10:18:37 PST"]
[Termination "GM_LOADING won by checkmate"]

1. Nf3 Nf6 2. g3 d5 3. Bg2 e6 4.
c4 Be7 5. O-O O-O 6. d4 dxc4 7.
Ne5 Nc6 8. Nxc6 bxc6 9. Na3 Bxa3 10. bxa3 Nd5 11. Qc2 Ba6 12. a4 Qd6 13. e4 Nb4 14. Qc3 c5 15. dxc5 Qxc5 16. Ba3 Rab8 17. Rab1 Nxa2 18.
Rxb8 Rxb8 19. Qf3 Qe5 20. Qe3 Rb7 21. f4 Qc3 22. Qc5 h6 23. e5 Rb3 24. Qf8+ Kh7 25.
Be4+ g6 26. Qxf7+ Kh8 27. Qf6+ Kg8 28. Qxg6+ Kh8 29. Qh7# 1-0

[Event "*** Titled Tuesday Blitz"]
[Site "Chess.com"]
[Date "2020.11.10"]
[Round "2"]
[White "ural58"]
[Black "nelsoncopa"]
[Result "1-0"]
[WhiteElo "2354"]
[BlackElo "1891"]
[TimeControl "180+1"]
[EndTime "10:18:37 PST"]
[Termination "ural58 won by resignation"]

1. e4 d6 2. d4 Nf6 3. Nc3 Nbd7 4. g4 e5 5. g5 Ng8 6. f4 g6 7.
Nf3 Bg7 8. Bc4 exd4 9. Nxd4 Ne7 10. Be3 O-O 11. Qd2 Nc5 12. O-O-O a6 13. h4 b5 14. Bd5 Nxd5 15. exd5 Bd7 16. h5 b4 17.
Nce2 Ne4 18. Qd3 Nc5 19. Qc4 a5 20. f5 gxf5 21. Nc6 a4 22. Nxd8 Raxd8 23. Bxc5 dxc5 24.
Qxc5 a3 25. bxa3 Bb2+ 26. Kxb2 bxa3+ 27. Qxa3 Rb8+ 28. Kc1 1-0

[Event "*** Titled Tuesday Blitz"]
[Site "Chess.com"]
[Date "2020.11.10"]
[Round "2"]
[White "arminmusovic"]
[Black "Shtembuliak"]
[Result "0-1"]
[WhiteElo "2561"]
[BlackElo "2866"]
[TimeControl "180+1"]
[EndTime "10:18:40 PST"]
[Termination "Shtembuliak won by resignation"]

1. a3 g6 2. Nc3 Bg7 3. e4 c5 4. Bc4 Nc6 5. Ba2 e6 6. d3 Nge7 7. Nge2 a6 8. O-O b5 9. Bg5 h6 10. Bh4 Bb7 11. f4 f5 12. exf5 gxf5 13. Ng3 O-O 14.
Qh5 Qe8 15. Rae1 Qxh5 16. Nxh5 Bd4+ 17. Kh1 Ng6 18. Bf2 Kf7 19. Nd1 Nce7 20. c3 Bxf2 21. Nxf2 Nh4 22. Rg1 Rg8 23. Ng3 h5 24. Nge4 fxe4 25.
Nxe4 Bxe4 26. dxe4 c4 27. Rd1 d5 28. g3 Nhg6 29.
f5 exf5 30. exf5 Ne5 31. Bb1 Kf6 32. Rd4 Rad8 33. Rf1 N7c6 34. Rh4 Rg5 35. Rd1 Ng4 36. Kg1 Nce5 37. Rf1 Re8 38. h3 Ne3 39. Re1 Nf3+ 0-1

[Event "*** Titled Tuesday Blitz"]
[Site "Chess.com"]
[Date "2020.11.10"]
[Round "2"]
[White "PriSachu"]
[Black "pavelalexandru07"]
[Result "1-0"]
[WhiteElo "2517"]
[BlackElo "2295"]
[TimeControl "180+1"]
[EndTime "10:18:41 PST"]
[Termination "PriSachu won by checkmate"]

1. e4 c5 2. Nf3 d6 3. d4 cxd4 4. Nxd4 Nf6 5. Nc3 a6 6. h4 e5 7. Nb3 Be6 8. Be2 Be7 9. f4 Bd7 10. Be3 Bc6 11. Bf3 Nbd7 12. Qd2 b5 13. O-O-O Qc7 14. Kb1 a5 15. g4 a4 16. Nc1 b4 17.
Nd5 Bxd5 18. exd5 Rb8 19. g5 Ng8 20. Bg4 h5 21. Bh3 Nc5 22. Bxc5 Qxc5 23. fxe5 dxe5 24. d6 Bd8 25. Rhe1 f6 26. Qd3 Kf7 27. Qf5 g6 28. Qd7+ Kf8 29. Be6 Ne7 30. gxf6 Rh7 31. fxe7+ Bxe7 32. Rf1+ Kg7 33. Qxe7+ Kh8 34. Rf8+ Rxf8 35.
Qxf8# 1-0

[Event "*** Titled Tuesday Blitz"]
[Site "Chess.com"]
[Date "2020.11.10"]
[Round "2"]
[White "SantoBlue"]
[Black "Volodar_Murzin"]
[Result "1-0"]
[WhiteElo "2912"]
[BlackElo "2571"]
[TimeControl "180+1"]
[EndTime "10:18:42 PST"]
[Termination "SantoBlue won on time"]

1. e4 c5 2. Nf3 d6 3. d4 cxd4 4. Nxd4 Nf6 5. Nc3 a6 6. a3 e5 7. Nf5 d5 8. Bg5 d4 9. Bxf6 gxf6 10. Nb1 Nd7 11. Nd2 Nc5 12. Bd3 Be6 13. O-O Rc8 14.
f4 Na4 15. Rb1 h5 16. Nf3 Bd6 17. fxe5 fxe5 18. Ng5 Qxg5 19. Nxd6+ Ke7 20. Nxc8+ Rxc8 21. Qe1 Nc5 22. Kh1 Rg8 23. Rf2 Kd7 24. Qb4 Rc8 25. Rbf1 Ke8 26. Kg1 Qe3 27. Kh1 Nxe4 28. Rf3 1-0

[Event "*** Titled Tuesday Blitz"]
[Site "Chess.com"]
[Date "2020.11.10"]
[Round "2"]
[White "Kotofeyca"]
[Black "mamonika"]
[Result "1-0"]
[WhiteElo "2364"]
[BlackElo "1999"]
[TimeControl "180+1"]
[EndTime "10:18:42 PST"]
[Termination "Kotofeyca won by checkmate"]

1. d4 Nf6 2. c4 e6 3. Nf3 b6 4. g3 Ba6 5. Qa4 Be7 6. Bg2 Bb7 7.
Nc3 O-O 8. O-O c5 9. dxc5 Bxc5 10. Rd1 Qc8 11. Bf4 d5 12. cxd5 Nxd5 13. Nxd5 Bxd5 14. Rac1 Qb7 15. b4 Be7 16. Rc7 Qa6 17. Qxa6 Nxa6 18. Rxe7 Nxb4 19. a3 Nc2 20. a4 a5 21. Rc1 Rac8 22. Ne5 Rfd8 23. Nxf7 Bxg2 24. Nxd8 Bd5 25. Re8# 1-0

[Event "*** Titled Tuesday Blitz"]
[Site "Chess.com"]
[Date "2020.11.10"]
[Round "2"]
[White "Shuvalov"]
[Black "Ashedu66"]
[Result "1-0"]
[WhiteElo "2447"]
[BlackElo "2232"]
[TimeControl "180+1"]
[EndTime "10:18:46 PST"]
[Termination "Shuvalov won on time"]

1. Nf3 d5 2. c4 e6 3. g3 Nf6 4.
Bg2 Be7 5. b3 O-O 6. Bb2 c6 7.
O-O a5 8. Nc3 Nbd7 9. d4 b6 10. e3 Ba6 11. Nd2 Rc8 12. Qe2 Qc7 13. e4 Qa7 14. exd5 cxd5 15. Nxd5 Nxd5 16. Bxd5 exd5 17.
Qxe7 Rfe8 18. Qg5 Nf6 19. Rfe1 Qd7 20. Rac1 h6 21. Rxe8+ Rxe8 22. Qf4 Qh3 23. Qh4 Qf5 24. Bc3 Qd3 25. Qf4 Bb7 26. c5 bxc5 27. dxc5 d4 28.
Qxd4 Qe2 29. Bxa5 Ne4 30. c6 Nxd2 31. Bxd2 Bc8 32. Bc3 f6 33. Qc4+ 1-0

[Event "*** Titled Tuesday Blitz"]
[Site "Chess.com"]
[Date "2020.11.10"]
[Round "2"]
[White "Atousa1"]
[Black "AvitalBor"]
[Result "0-1"]
[WhiteElo "2411"]
[BlackElo "2680"]
[TimeControl "180+1"]
[EndTime "10:18:51 PST"]
[Termination "AvitalBor won by resignation"]

1. e4 e5 2. Nf3 Nc6 3. Bb5 a6 4. Ba4 Nf6 5. O-O b5 6. Bb3 Bb7 7. d3 Be7 8. Re1 O-O 9. c3 d6 10. h3 Qd7 11. Nbd2 Nd8 12. Nf1 Ne6 13. Ng3 c5 14. Nf5 Bd8 15. Nh2 g6 16. Bh6 gxf5 17.
Qf3 Ng7 18. g4 fxg4 19. hxg4 Kh8 20. g5 Ng8 21. Ng4 f5 22. Kg2 Bxg5 23. Ne3 Nxh6 24.
Rh1 fxe4 0-1

[Event "*** Titled Tuesday Blitz"]
[Site "Chess.com"]
[Date "2020.11.10"]
[Round "2"]
[White "Witik"]
[Black "elamier"]
[Result "1-0"]
[WhiteElo "2665"]
[BlackElo "2356"]
[TimeControl "180+1"]
[EndTime "10:18:51 PST"]
[Termination "Witik won by resignation"]

1. d4 Nf6 2. c4 g6 3. Nc3 d5 4.
cxd5 Nxd5 5. e4 Nxc3 6. bxc3 Bg7 7. Bg5 h6 8. Bh4 O-O 9. Nf3 Re8 10. Bc4 c5 11. O-O Nc6 12. d5 Na5 13. Bd3 c4 14. Be2 b6 15. Nd4 Bd7 16. f4 Qc7 17. e5 Qc5 18. Bf3 e6 19. dxe6 Bxe6 20. Bxa8 Rxa8 21.
Kh1 Bd5 22. f5 Bxe5 23. fxg6 fxg6 24. Qg4 Qd6 25. Rf6 Bxf6 26. Qxg6+ Kf8 27. Rf1 Bf7 28. Rxf6 Qd5 29. Ne6+ 1-0

[Event "*** Titled Tuesday Blitz"]
[Site "Chess.com"]
[Date "2020.11.10"]
[Round "2"]
[White "maximnovik"]
[Black "Infernal_XaM"]
[Result "0-1"]
[WhiteElo "2538"]
[BlackElo "2819"]
[TimeControl "180+1"]
[EndTime "10:18:52 PST"]
[Termination "Infernal_XaM won on time"]

1. d4 Nf6 2. Bg5 Ne4 3. Bh4 d5 4. f3 Nd6 5. Nc3 c5 6. dxc5 Nf5 7. Bf2 d4 8. e4 dxe3 9. Qxd8+ Kxd8 10. O-O-O+ Bd7 11. Be1 Nc6 12. g4 Nfd4 13. Bg3 e5 14. Ne4 f6 15. c3 Ne6 16. b4 Kc7 17. Bc4 a5 18. b5 Ncd8 19. Bxe6 Nxe6 20. c6 bxc6 21. b6+ Kd8 22.
Ne2 Rb8 23. f4 exf4 24. Nxf4 Nxf4 25. Bxf4 Rxb6 26. Bxe3 Ba3+ 27. Kc2 Rb2+ 28. Kd3 Bxg4 29. Bc5 Bxc5 30. Nxc5 Bxd1 31. Rxd1 Ke7 32. Kc4 Rd8 33. Re1+ Kf7 34. a4 Rxh2 35. Rb1 Rh4+ 0-1

[Event "*** Titled Tuesday Blitz"]
[Site "Chess.com"]
[Date "2020.11.10"]
[Round "2"]
[White "No_t_ime_to_die"]
[Black "BAS8892"]
[Result "0-1"]
[WhiteElo "2499"]
[BlackElo "2725"]
[TimeControl "180+1"]
[EndTime "10:18:55 PST"]
[Termination "BAS8892 won by resignation"]

1. e4 c6 2. d4 d5 3. f3 e6 4. Nc3 Bb4 5. Bf4 Ne7 6. Ne2 b6 7. a3 Bd6 8. e5 Bc7 9. Qd2 c5 10. Nb5 Nbc6 11. c3 Ba6 12. Nxc7+ Qxc7 13. Be3 O-O 14. Ng3 Bxf1 15. Rxf1 f6 16. exf6 Rxf6 17.
Kf2 Na5 18. Kg1 Nb3 19. Qe2 Nxa1 20. Rxa1 e5 21. Bg5 Re6 22. Re1 cxd4 23. cxd4 Nc6 24. Nf5 Rae8 25. Qb5 exd4 26. Qxd5 Qf7 27. Rxe6 Qxe6 28.
Qxe6+ Rxe6 29. Kf2 h6 30. Bd2 d3 31. Ng3 Ne5 32.
Ne4 Nc4 33. Bc3 a5 34. Bd4 a4 35. g4 b5 36. Bc3 Kf7 37. h4 g6 38. Ng3 Rd6 39.
Ne4 Rd8 40. Ke1 h5 41. gxh5 gxh5 42. Kd1 Ke6 43. f4 Kf5 44. Ng3+ Kg4 45. Ne4 Kxf4 46. Nf6 d2 47. Nxh5+ Kf3 0-1

[Event "*** Titled Tuesday Blitz"]
[Site "Chess.com"]
[Date "2020.11.10"]
[Round "2"]
[White "Algeriano22"]
[Black "Keures"]
[Result "1-0"]
[WhiteElo "2692"]
[BlackElo "2331"]
[TimeControl "180+1"]
[EndTime "10:18:57 PST"]
[Termination "Algeriano22 won on time"]

1. e4 e6 2. d3 d5 3. Qe2 Nf6 4. Nf3 c5 5. g3 g6 6. Bg2 Bg7 7. O-O O-O 8. e5 Nfd7 9. h4 Nc6 10. Bf4 Qc7 11. Re1 a5 12. a4 b6 13. c3 Ba6 14.
Nbd2 Rad8 15. Nf1 d4 16. c4 Bb7 17. N1h2 h5 18. g4 hxg4 19. Nxg4 Ne7 20. Nf6+ Kh8 21. h5 Nf5 22. Qd2 Bxf3 23. Bxf3 Nh4 24. Bh1 Nb8 25. Bg5 Nc6 26. Bxh4 Nxe5 27. Qf4 Qd6 28. Rxe5 1-0

[Event "*** Titled Tuesday Blitz"]
[Site "Chess.com"]
[Date "2020.11.10"]
[Round "2"]
[White "sara_khm"]
[Black "Parhamov"]
[Result "0-1"]
[WhiteElo "2584"]
[BlackElo "2941"]
[TimeControl "180+1"]
[EndTime "10:18:58 PST"]
[Termination "Parhamov won by resignation"]

1. d4 Nf6 2. c4 e6 3. Nf3 d5 4.
Nc3 dxc4 5. e4 b5 6. Nxb5 Nxe4 7.
Bxc4 Bb4+ 8. Kf1 O-O 9. Bf4 Nd6 10. Nxd6 Bxd6 11. Bg3 Bb7 12. Rc1 Nd7 13. Ne5 Rb8 14. Qe2 Nf6 15. Bd3 Nd5 16. Kg1 Qg5 17. Rd1 Rbd8 18. h4 Qf6 19. Qc2 h6 20. a3 Nf4 21.
Be4 Bxe4 22. Qxe4 Bxe5 0-1

[Event "*** Titled Tuesday Blitz"]
[Site "Chess.com"]
[Date "2020.11.10"]
[Round "2"]
[White "Anton_Demchenko"]
[Black "KatarinaOstojic"]
[Result "1-0"]
[WhiteElo "2832"]
[BlackElo "2343"]
[TimeControl "180+1"]
[EndTime "10:18:58 PST"]
[Termination "Anton_Demchenko won by resignation"]

1. e4 c5 2. Nf3 d6 3. d4 cxd4 4.
Nxd4 Nf6 5. Nc3 a6 6. f3 e5 7. Nb3 Be6 8. Be3 Be7 9. Qd2 O-O 10. O-O-O a5 11. a4 Nc6 12. g4 Nb4 13. g5 Nh5 14. Kb1 Qc7 15. Qf2 f5 16. Bb6 Qc8 17. Bxa5 Nc6 18. Bb6 Bxg5 19. Bb5 Be7 20. Qd2 Nf4 21. Nd5 Bg5 22. Qc3 Bxd5 23. exd5 Ne7 24. Qb4 Nexd5 25.
Bc4 Qc6 26. Qb5 Kh8 27. Bxd5 Nxd5 28. Rxd5 1-0

[Event "*** Titled Tuesday Blitz"]
[Site "Chess.com"]
[Date "2020.11.10"]
[Round "2"]
[White "chessmachine14"]
[Black "Mr_Heisenberg13"]
[Result "0-1"]
[WhiteElo "2291"]
[BlackElo "2493"]
[TimeControl "180+1"]
[EndTime "10:18:58 PST"]
[Termination "Mr_Heisenberg13 won by checkmate"]

1. e4 c5 2. Nf3 e6 3. d4 cxd4 4. Nxd4 Nf6 5. Nc3 Nc6 6. Ndb5 Bc5 7. Nd6+ Ke7 8. Bf4 e5 9. Nf5+ Kf8 10. Be3 Bb4 11. a3 Bxc3+ 12. bxc3 Nxe4 13. Qd5 Nf6 14. Qd6+ Kg8 15. Bc4 Ne8 16. Qd5 Qf6 17. g4 Nc7 18.
Qd2 d5 19. Bxd5 Nxd5 20. Qxd5 Bxf5 21. gxf5 Qxf5 22. O-O-O h6 23. Rhg1 Kh7 24. Rxg7+ Kxg7 25. Rg1+ Kh7 26. Qd6 Qe6 27. Qd3+ e4 28. Qb5 Rhg8 29. Re1 Rgd8 30. Qh5 Qg6 31. Qh4 Ne5 32. Kb1 Nf3 33. Qf4 Nxe1 34. Bd4 Rxd4 35. cxd4 Nf3 36. Qc7 Nxd4 37.
c3 e3+ 38. Kb2 Qc2+ 39. Ka1 Nb3# 0-1

[Event "*** Titled Tuesday Blitz"]
[Site "Chess.com"]
[Date "2020.11.10"]
[Round "2"]
[White "Firegrizzly"]
[Black "Azerichess"]
[Result "0-1"]
[WhiteElo "2589"]
[BlackElo "2968"]
[TimeControl "180+1"]
[EndTime "10:18:59 PST"]
[Termination "Azerichess won by resignation"]

1. e4 c5 2. Nf3 Nf6 3. e5 Nd5 4. Nc3 e6 5. Ne4 f5 6. Nc3 Nb6 7. h4 Nc6 8. d3 a6 9. g3 d6 10. exd6 Bxd6 11. Bg2 O-O 12. O-O e5 13. h5 Nd7 14. Re1 h6 15. Nh4 Nf6 16. Ng6 Re8 17. Nd5 Be6 18. Nxf6+ Qxf6 19. Bd2 Bf7 20. Nh4 Rad8 21. Bh3 f4 22. Qg4 Nd4 23. Bg2 Nxc2 24. gxf4 Nxa1 25. Rxa1 exf4 26. Bc3 Be5 27. Ng6 Bxc3 28.
bxc3 Rxd3 29. Rb1 b5 30. Nxf4 Rxc3 31. Nd5 Bxd5 32. Bxd5+ Kh8 33. Rd1 Rc2 34. Qg3 Rf8 35. f3 Qg5 36. Qxg5 hxg5 37. Be4 Rxa2 38. Rd7 c4 39. h6 gxh6 40. Rh7+ Kg8 41. Rxh6 c3 42. Rh5 c2 43. Bh7+ Kg7 44. Bxc2 Rxc2 0-1

[Event "*** Titled Tuesday Blitz"]
[Site "Chess.com"]
[Date "2020.11.10"]
[Round "2"]
[White "Zhuu96"]
[Black "Xtrmntr78"]
[Result "1-0"]
[WhiteElo "2888"]
[BlackElo "2566"]
[TimeControl "180+1"]
[EndTime "10:18:59 PST"]
[Termination "Zhuu96 won on time"]

1. e4 e5 2. Nf3 d5 3. Nxe5 Bd6 4.
d4 dxe4 5. Bc4 Bxe5 6. Qh5 Qe7 7. dxe5 Nc6 8. Nc3 Nxe5 9. Bg5 Nf6 10. Qe2 Nxc4 11. Qxc4 O-O 12. Nd5 Qe5 13. Bxf6 gxf6 14. O-O-O c6 15. Ne3 Be6 16. Qb4 f5 17. g3 a5 18. Qe7 Rfe8 19. Qg5+ Kh8 20. Rhe1 a4 21. a3 Ra5 22. Rd8 Ra8 23. Red1 Raxd8 24. Rxd8 Rxd8 25. Qxd8+ Kg7 26. Qg5+ Kf8 27. g4 Qxh2 28. gxf5 Ba2 29. Qd8+ Kg7 30. Qd4+ Kf8 31. Qd8+ Kg7 32. f6+ Kg6 33.
Qg8+ 1-0

[Event "*** Titled Tuesday Blitz"]
[Site "Chess.com"]
[Date "2020.11.10"]
[Round "2"]
[White "Marcin"]
[Black "Buryshin_Vasyl"]
[Result "1-0"]
[WhiteElo "2474"]
[BlackElo "2278"]
[TimeControl "180+1"]
[EndTime "10:19:00 PST"]
[Termination "Marcin won on time"]

1. d4 f5 2. e4 fxe4 3. Nc3 Nf6 4. Bg5 e6 5. Nxe4 Be7 6. Bxf6 Bxf6 7. c3 Nc6 8. Bd3 b6 9. Nf3 Bb7 10. Qc2 O-O 11. Nxf6+ Qxf6 12. Bxh7+ Kh8 13. O-O-O Ne7 14. Bd3 Nf5 15. Ne5 Rad8 16. f3 d6 17. Ng4 Qf7 18.
Rhe1 Rfe8 19. Qd2 Nh4 20. Qg5 Nf5 21. Rd2 Kg8 22. Rde2 Bd5 23. b3 c5 24. Bxf5 exf5 25. Nh6+ 1-0

[Event "*** Titled Tuesday Blitz"]
[Site "Chess.com"]
[Date "2020.11.10"]
[Round "2"]
[White "barbara25"]
[Black "PlotnikovPavel"]
[Result "0-1"]
[WhiteElo "2270"]
[BlackElo "2465"]
[TimeControl "180+1"]
[EndTime "10:19:01 PST"]
[Termination "PlotnikovPavel won by checkmate"]

1. e4 e5 2. Nf3 Nc6 3. d4 exd4 4. Nxd4 Bc5 5. c3 Qf6 6. Be3 Nge7 7. Bc4 Ne5 8. Be2 O-O 9. O-O Qg6 10. Nd2 d6 11. N2b3 Bb6 12. Qc2 f5 13. exf5 Nxf5 14. Nxf5 Bxf5 15.
Qd2 Bh3 16. Bg5 Be6 17. Nd4 Bc4 18. Be3 Bxe2 19. Qxe2 Rae8 20. Kh1 Kh8 21. h3 Nd3 22. Rad1 Nf4 23. Qf3 Nh5 24. Qg4 Qxg4 25. hxg4 Nf6 26. g5 Ng4 27. Rfe1 Nxe3 28. fxe3 Rf2 29. Re2 Rxe2 30.
Nxe2 Rxe3 31. Rd2 Kg8 32. Kh2 Re4 33. Ng3 Rh4# 0-1

[Event "*** Titled Tuesday Blitz"]
[Site "Chess.com"]
[Date "2020.11.10"]
[Round "2"]
[White "MasterKroket"]
[Black "Ze-Pequeno"]
[Result "0-1"]
[WhiteElo "2432"]
[BlackElo "2252"]
[TimeControl "180+1"]
[EndTime "10:19:02 PST"]
[Termination "Ze-Pequeno won by resignation"]

1. d4 Nf6 2. c4 Nc6 3. Nf3 e6 4. a3 d6 5. Nc3 g6 6. e4 Bg7 7. Be2 O-O 8. O-O Re8 9. b4 e5 10. d5 Nd4 11. Bb2 c5 12. dxc6 bxc6 13. h3 c5 14. Bd3 Bb7 15. Re1 Nh5 16. Nd5 Bxd5 17. cxd5 Nf4 18. bxc5 dxc5 19. Bc4 Qf6 20. Rb1 Nxh3+ 21.
Kf1 Nf4 22. Bc3 Rab8 23. Ng1 Nh5 24. Re3 Bh6 25. Rh3 Bg5 26. Nf3 Nf4 27. Rg3 Bh6 28. Bd2 Qd6 29. Be3 Rxb1 30. Qxb1 Rb8 31. Qc1 Qb6 32. Nxe5 Qb1 33. Ke1 Qxe4 34. Nc6 Rb1 0-1

[Event "*** Titled Tuesday Blitz"]
[Site "Chess.com"]
[Date "2020.11.10"]
[Round "2"]
[White "Nils_03"]
[Black "IrishMonkey"]
[Result "0-1"]
[WhiteElo "2243"]
[BlackElo "2456"]
[TimeControl "180+1"]
[EndTime "10:19:03 PST"]
[Termination "IrishMonkey won by checkmate"]

1. Nf3 Nf6 2. g3 c5 3. Bg2 Nc6 4. O-O e6 5. c4 d5 6. cxd5 exd5 7.
d4 Be7 8. dxc5 Bxc5 9. b3 O-O 10.
Bb2 Bg4 11. Nbd2 Qe7 12. h3 Bd7 13. Rc1 Rfe8 14. Bxf6 gxf6 15. e3 Be6 16. Qc2 Bd6 17. Nd4 Nxd4 18. exd4 Ba3 19. Rce1 Qd7 20. Qb1 Bb4 21. Rd1 Bf5 22. Qb2 Bxh3 23. a3 Bxg2 24. Kxg2 Bd6 25. Rh1 Qg4 26. Nf3 Re3 27. Nh2 Qe4+ 28.
Kg1 Re2 29. Qc3 Bxa3 30. b4 Re8 31. Qxa3 Rxf2 32. Kxf2 Qc2+ 33. Kf3 Qe2+ 34. Kf4 Re4+ 35. Kf5 Qh5+ 36. Kxf6 Re6# 0-1

[Event "*** Titled Tuesday Blitz"]
[Site "Chess.com"]
[Date "2020.11.10"]
[Round "2"]
[White "misterlamine"]
[Black "geordie_derraugh"]
[Result "1-0"]
[WhiteElo "2282"]
[BlackElo "2448"]
[TimeControl "180+1"]
[EndTime "10:19:05 PST"]
[Termination "misterlamine won by resignation"]

1. d4 Nf6 2. c4 e6 3. Nf3 Bb4+ 4. Bd2 a5 5. g3 O-O 6. Bg2 d5 7. O-O dxc4 8. Qc2 Bxd2 9. Nbxd2 b5 10. Ne5 Ra6 11. a4 c6 12. Rfd1 Nd5 13. Ne4 Nd7 14. Nxd7 Bxd7 15. Nc5 Ra7 16. axb5 cxb5 17. Bxd5 exd5 18.
e4 dxe4 19. Qxe4 Re8 20. Qf4 Bc6 21. d5 Ba8 22. d6 a4 23. d7 Re7 24. Re1 Raxd7 25.
Nxd7 Rxd7 26. Qe5 h6 27. Qxb5 Qc7 28. Re8+ Kh7 29. Qf5+ g6 30. Qf6 1-0

[Event "*** Titled Tuesday Blitz"]
[Site "Chess.com"]
[Date "2020.11.10"]
[Round "2"]
[White "Barmen_EV"]
[Black "dominikaf"]
[Result "1-0"]
[WhiteElo "2411"]
[BlackElo "2194"]
[TimeControl "180+1"]
[EndTime "10:19:05 PST"]
[Termination "Barmen_EV won on time"]

1. d4 d5 2. c4 c6 3. Nc3 e6 4. Nf3 f5 5. Bf4 Nf6 6. e3 Bd6 7. Bd3 O-O 8. O-O Qe7 9. Qc2 Nbd7 10. c5 Bxf4 11. exf4 b6 12. b4 a5 13. a3 axb4 14. axb4 Rxa1 15. Rxa1 bxc5 16. bxc5 Ne4 17. Ne2 Qf6 18.
Ne1 Ndxc5 19. f3 Nxd3 20. Nxd3 Nd6 21. Qxc6 Nf7 22. Ra8 Qd8 23. Nc5 Nd6 24. Nxe6 Qe7 25. Nxf8 Qxe2 26. Qxd5+ Kh8 27. h3 h6 28. Qxd6 1-0